Get step-by-step instructions on how to execute this build order below. Start the game timer, and the build order will tick by so you can play in parallel with StarCraft on a second screen or mobile device.

Game Time

  0:00

Last Step

  N/A

Next Step

Upcoming Step



Don't want to look back and forth between 2 screens? Try out our Overwolf App, the Spawning Tool Build Advisor to get an in-game overlay with this build!

Complete Build Order

  12  0:07  Drone  
  12  0:08  Drone  
  14  0:16  Overlord  
  14  0:35  Drone  
  15  0:42  Drone x2  
  17  0:46  Extractor  
  16  0:52  Drone  
  17  1:03  Hatchery  
  16  1:17  Drone x2  
  18  1:20  Spawning Pool  
  17  1:32  Drone  
  18  1:39  Drone  
  19  1:55  Overlord  
  19  1:56  Drone  
  20  2:08  Metabolic Boost  
  20  2:09  Queen  
  20  2:13  Zergling x2  
  23  2:17  Queen  
  25  2:24  Zergling x4  
  25  2:28  Drone x2  
  29  2:38  Drone  
  29  2:42  Roach Warren  
  29  2:48  Drone  
  29  2:49  Drone x2  
  32  3:08  Overlord  
  32  3:13  Drone  
  32  3:14  Drone x2  
  35  3:20  Drone  
  35  3:22  Extractor, Overlord  
  35  3:28  Drone x3  
  35  3:34  Drone x2  
  40  3:35  Drone  
  40  3:39  Overlord  
  41  3:45  Drone  
  42  3:54  Roach x3  
  48  4:03  Hatchery  
  47  4:14  Drone x4  
  51  4:17  Roach x2  
  51  4:22  Overlord  
  59  4:24  Roach x2  
  59  4:26  Zergling x2  
  60  4:44  Roach x4  
  66  5:01  Lair  
  66  5:11  Queen  
  66  5:14  Overlord x3  
  68  5:19  Extractor  
  68  5:20  Extractor  
  66  5:27  Extractor  
  65  5:29  Extractor  
  65  5:32  Overlord x2  
  64  5:37  Drone x9  
  64  5:38  Drone  
  74  6:03  Roach x9  
  74  6:04  Roach  
  94  6:10  Overlord x2  
  94  6:11  Spire  
  93  6:39  Drone  
  94  6:40  Drone x8  
  94  6:44  Overlord  
  94  6:46  Drone x4  
  105  7:02  Roach  
  105  7:04  Overlord  
  105  7:06  Roach x6  
  105  7:58  Queen x2  
  104  7:59  Queen  
  104  8:00  Mutalisk  
  104  8:01  Mutalisk x10  
  117  8:09  Drone